 Dungeon Crawl Stone Soup version 0.28.0-62-gf88900778d (webtiles) character file.

Game seed: 1447058419851367515

2436 cbfl8 the Chopper (level 9, -1/68 HPs)
             Began as a Demonspawn Fighter on Mar 12, 2024.
             Was an Initiate of Hepliaklqana.
             Slain by an orc priest
             ... wielding a +0 flail
              (2 damage)
             ... on level 7 of the Dungeon.
             The game lasted 00:11:47 (10044 turns).

cbfl8 the Chopper (Demonspawn Fighter)             Turns: 10044, Time: 00:11:47

Health: -1/68      AC: 11    Str: 18    XL:     9   Next: 24%
Magic:  9/9        EV:  9    Int: 11    God:    Hepliaklqana [......]
Gold:   196        SH: 10    Dex: 14    Spells: 8/8 levels left

rFire   + . .      SeeInvis .   a - +0 war axe
rCold   + . .      Faith    .   c - +0 buckler
rNeg    . . .      Spirit   .   b - +0 scale mail
rPois   +          Reflect  +   j - +0 helmet
rElec   +          Harm     .   (no cloak)
rCorr   +          Rampage  .   (no gloves)
Will    .....                   (no boots)
Stlth   ..........              t - amulet of reflection
HPRegen 0.21/turn               (no ring)
MPRegen 0.22/turn               (no ring)

@: mighty, lethally poisoned (-1 -> -2), resistant
A: hooves 1, icy blue scales 2, foul stench 1, magic regeneration
a: Renounce Religion


You were on level 7 of the Dungeon.
You worshipped Hepliaklqana.
Hepliaklqana was noncommittal.
You visited 2 branches of the dungeon, and saw 8 of its levels.
You also visited: Sewer.

You collected 430 gold pieces.
You spent 234 gold pieces at shops.

Inventory:

Hand Weapons
 a - a +0 war axe (weapon)
Armour
 b - a +0 scale mail (worn)
 c - a +0 buckler (worn)
 j - a +0 helmet (worn)
Jewellery
 t - an amulet of reflection (around neck)
Scrolls
 d - a scroll of torment {unknown}
 h - 2 scrolls of fear
 l - a scroll of amnesia {unknown}
 m - 2 scrolls of fog
 n - 2 scrolls of teleportation
 q - 2 scrolls of enchant armour
 u - a scroll of magic mapping
 y - a scroll of noise {unknown}
Potions
 e - 3 potions of mutation {unknown}
 f - 3 potions of magic {unknown}
 g - 2 potions of brilliance {unknown}
 i - 2 potions of invisibility
 k - 2 potions of flight {unknown}
 o - a potion of resistance
 p - 2 potions of ambrosia {unknown}
 w - 2 potions of cancellation {unknown}
 x - a potion of haste {unknown}
 A - 2 potions of attraction {unknown}


   Skills:
 + Level 5.4 Fighting
 + Level 7.3 Axes
 + Level 5.5 Armour
 + Level 4.5 Shields
 * Level 5.3 Evocations


You had 8 spell levels left.
You didn't know any spells.
Your spell library was empty.

Dungeon Overview and Level Annotations

Branches:
Dungeon (7/15)             Temple (1/1) D:6           Sewer (visited)

Altars:
Ashenzari
Cheibriados
Dithmenos
Elyvilon
Fedhas
Gozag
Hepliaklqana
Kikubaaqudgha
Makhleb
Okawaru
Qazlal
Ru
Trog
Uskayaw
Vehumet
Wu Jian
Xom
Yredelemnul
Zin
The Shining One

Shops:
D:3 *   D:5 (


Innate Abilities, Weirdness & Mutations

You have large cloven feet.
You are mostly covered in icy blue scales. (AC +3)
You may rarely emit foul miasma when damaged in melee.
You regenerate magic rapidly.


Message History

The mass of ice explodes!
The iceblast engulfs the orc warrior!
The orc warrior is severely wounded.
You feel sick. You block the water moccasin's attack.
Unknown command.
Aiming: Iceblast
Press: ? - help, Q - select action Shift-Dir - straight line That beam is likely to hit you.
Continue anyway?
Okay, then.
Unknown command.
Aiming: Iceblast
Press: ? - help, Q - select action Shift-Dir - straight line The mass of ice explodes!
The iceblast engulfs the water moccasin!
The water moccasin is severely wounded.
The iceblast engulfs the orc priest!
The orc priest is severely wounded.
The now-empty wand crumbles to dust.
You feel sick. You block the water moccasin's attack.
The orc priest mumbles some strange prayers to Beogh against you.
Beogh smites you! The orc warrior closely misses you.
You block the orc's attack.
You slash the orc warrior! Your kick misses the orc warrior.
The orc warrior is almost dead.
You barely miss the orc priest. You miss the water moccasin. You slash the orc!
You kill the orc!
You feel sick. The water moccasin closely misses you.
The orc priest calls down the wrath of Beogh upon you.
Beogh smites you!
The orc warrior hits you with a +0 scimitar!!
* * * LOW HITPOINT WARNING * * *
The water moccasin bites you.
* * * LOW HITPOINT WARNING * * *
The centaur skeleton hits you but does no damage.
You block the centaur skeleton's attack.
You are too injured to fight recklessly!
You feel protected.
* * * LOW HITPOINT WARNING * * *
You feel sick. You block the water moccasin's attack.
The orc priest hits you with a +0 flail.
You die...

..... #... ....#...
........##..##........
.......................
.)......................
................ #......
........##....###.....##
................#Zo....#
................@S.....#
................oo......
...........##...........
............#...........
......)...........#.....
#.................##..##
#<##..............#####
. #...)...........#
......#...........##


You could see an orc warrior, a water moccasin, 2 orc priests and a centaur
skeleton.

Vanquished Creatures
  A steam dragon (Temple)
  2 ice beasts
  A black bear (D:6)
  5 ogres
  A centaur (D:7)
  A phantom (D:6)
  A kobold brigand (D:3)
  A bullfrog (D:7)
  2 scorpions
  2 water moccasin skeletons
  3 howler monkeys
  2 bullfrog zombies (D:6)
  3 jellies (Sewer)
  A centaur zombie (D:6)
  6 hounds
  2 bullfrog skeletons (D:5)
  A gnoll shaman (D:3)
  An orc wizard (D:3)
  A howler monkey zombie (D:5)
  22 gnolls
  3 adders
  5 river rats (Sewer)
  A white imp (D:5)
  An ufetubus (D:7)
  An adder skeleton (D:4)
  3 worms (D:2)
  2 dart slugs (D:1)
  29 orcs
  16 endoplasms
  8 giant cockroaches
  6 hobgoblins
  12 jackals (D:3)
  4 kobolds
  5 quokkas
  8 ball pythons
  2 bats (D:3)
  3 frilled lizards
  5 goblins
  8 rats
181 creatures vanquished.

Vanquished Creatures (others)
  A bullfrog (Temple)
  3 fungi (D:3)
  6 plants (D:3)
10 creatures vanquished.

Grand Total: 191 creatures vanquished

Notes
Turn   | Place    | Note
-------+----------+-------------------------------------------
     0 | D:1      | cbfl8 the Demonspawn Fighter began the quest for the Orb.
     0 | D:1      | Reached XP level 1. HP: 18/18 MP: 1/1
   245 | D:1      | Gained mutation: You are partially covered in icy blue
                  | scales. (AC +2) [demonic ancestry]
   245 | D:1      | Reached XP level 2. HP: 24/24 MP: 2/2
   357 | D:1      | Reached skill level 2 in Axes
   595 | D:1      | Reached skill level 1 in Evocations
   850 | D:1      | Reached XP level 3. HP: 29/29 MP: 3/3
  1319 | D:2      | Noticed a great orb of eyes
  1332 | D:2      | Found a faded altar of an unknown god.
  1336 | D:2      | Noticed a shining eye
  1336 | D:2      | Noticed a golden eye
  1336 | D:2      | Noticed a shining eye
  1838 | D:3      | Gained mutation: You regenerate magic rapidly. [demonic
                  | ancestry]
  1838 | D:3      | Reached XP level 4. HP: 35/35 MP: 4/4
  2135 | D:3      | You fall into a shaft and drop 1 floor!
  2208 | D:4      | Reached skill level 3 in Axes
  2480 | D:3      | Reached XP level 5. HP: 37/41 MP: 5/5
  2562 | D:3      | Found Puqyibb's Assorted Antiques.
  2567 | D:3      | Bought a fizzy yellow potion for 27 gold pieces
  2567 | D:3      | Bought a glowing emerald potion for 27 gold pieces
  2567 | D:3      | Bought 2 scrolls labelled SETIAWKI FUKHLA for 60 gold
                  | pieces
  3493 | D:3      | Reached skill level 4 in Axes
  3493 | D:3      | Gained mutation: You have large cloven feet. [demonic
                  | ancestry]
  3493 | D:3      | Reached XP level 6. HP: 47/48 MP: 6/6
  3609 | D:3      | Paralysed by a gnoll for 3 turns
  4264 | D:3      | Reached XP level 7. HP: 36/54 MP: 7/7
  4769 | D:3      | Found a basalt altar of Yredelemnul.
  4773 | D:3      | Found a shimmering altar of Xom.
  4793 | D:3      | Bought a jewelled fluorescent wand for 120 gold pieces
  5336 | D:4      | Reached skill level 5 in Axes
  5395 | D:4      | HP: 1/55 [ogre/+0 giant spiked club (29)]
  6043 | D:5      | Entered Level 5 of the Dungeon
  6043 | D:5      | Found Meamyum's Antique Weapon Boutique.
  6213 | D:5      | Gained mutation: You may rarely emit foul miasma when
                  | damaged in melee. [demonic ancestry]
  6213 | D:5      | Reached XP level 8. HP: 24/61 MP: 8/8
  6323 | D:5      | Found a glowing drain.
  6336 | Sewer    | Entered a sewer
  7068 | Sewer    | Found a viscous altar of Jiyva.
  7177 | Sewer    | Reached skill level 6 in Axes
  8164 | D:6      | Reached skill level 5 in Fighting
  8337 | D:6      | Reached skill level 5 in Armour
  8376 | D:6      | Found a staircase to the Ecumenical Temple.
  8400 | Temple   | Entered the Ecumenical Temple
  8722 | Temple   | Became a worshipper of Hepliaklqana the Forgotten
  9441 | D:6      | Reached skill level 5 in Evocations
  9546 | D:6      | Gained mutation: You are mostly covered in icy blue scales.
                  | (AC +3) [demonic ancestry]
  9546 | D:6      | Reached XP level 9. HP: 68/68 MP: 9/9
  9949 | D:7      | Reached skill level 7 in Axes
 10043 | D:7      | HP: 2/68 [water moccasin (5)]
 10044 | D:7      | Slain by an orc priest

Illustrated notes

Levels and vault maps discovered:
D:1:      minmay_arrival_doors, layout_rooms, dk_noncrumbling_4
D:2:      layout_basic, hellmonk_ecumenical_altar_watching_god, minmay_tall_x
D:3:      lemuel_castle_with_subvaults [lemuel_castle_interior_carwin_3],
          layout_loops_ring, mainiacjoe_overflow_big_doors, serial_shops,
          nicolae_shop_stone, minmay_ruptured
D:4:      layout_loops_ring
D:5:      layout_basic, gup_sewer_entry_pipe, serial_shops,
          nicolae_stop_n_shop_2
D:6:      layout_loops_ring, minmay_temple_entry_stoned_glass,
          patterned_corridor
D:7:      layout_cave_pools, mainiacjoe_overflow_swirl
Temple:   mainiacjoe_temple_coin_purse

Skill      XL: |  1  2  3  4  5  6  7  8  9 |
---------------+----------------------------+-----
Axes           | 2 3 4 5 6 7 |  7.3
Evocations     | 1 2 3 5 |  5.3
Armour         | 3 4 5 |  5.5
Shields        | 3 4 |  4.5
Fighting       | 4 5 |  5.4

Action                   |  1- 3 |  4- 6 |  7- 9 || total
-------------------------+-------+-------+-------++-------
Melee: War axe           |   120 |   231 |   307 ||   658
       Kick              |       |    21 |    74 ||    95
Evoke: Wand              |       |       |     8 ||     8
  Use: Potion            |       |       |    12 ||    12
       Scroll            |       |       |     5 ||     5
Armor: Scale mail        |    64 |   105 |   126 ||   295
Dodge: Dodged            |    42 |    85 |   123 ||   250
Block: Buckler           |    32 |    45 |   185 ||   262
       Reflection        |       |       |     1 ||     1
